[Event "Teplice Open 2022"]
[Site "Teplice"]
[Date "2022.06.20"]
[Round "3.1"]
[White "Santos Latasa, Jaime"]
[Black "Seo, Jung Min"]
[Result "1/2-1/2"]
[ECO "E05"]
[WhiteElo "2672"]
[BlackElo "2483"]
[Annotator "TA"]
[PlyCount "171"]
[EventDate "2022.06.18"]
[EventType "swiss"]
[EventCountry "CZE"]
[SourceTitle "playchess.com"]
[Source "ChessBase"]
[SourceQuality "1"]
[TimeControl "40/5400+30:1800+30"]

1. d4 Nf6 2. c4 e6 3. Nf3 d5 4. g3 Be7 5. Bg2 O-O 6. O-O dxc4 7. Qc2 a6 8. Qxc4 b5 9. Qc2 Bb7 10. Bd2 Be4 11. Qc1 c6 12. a4 Nbd7 13. Nc3 Bg6 14. Nh4 Bh5 15. h3 Rc8 16. axb5 axb5 17. g4 Nd5 18. gxh5 Bxh4 19. h6 {[%emt 0:02:48] With the idea hxg7.} g6 20. Ne4 Be7 21. Ra6 c5 22. Ba5 Qe8 23. Qd2 c4 (23... Nb8 $1 $11 24. Nd6 Qd7 25. Nxc8 Rxc8) 24. Nd6 $1 $14 (24. Ra7 $6 Ra8 25. Rb7 Rb8 $11) 24... Bxd6 25. Bxd5 Qe7 26. Bb7 (26. Bg2 $14) 26... Rb8 $11 27. Bc6 Nf6 (27... Rfc8 $11) 28. e4 $16 e5 {[%emt 0:01:28] [#] Hoping for ...Nh5.} 29. f4 $1 exd4 30. e5 (30. Qxd4 $2 Bc5 31. Qxc5 Qxc5+ $19) 30... Bc5 {[%emt 0:00:17][%cal Oe7e6] Threatens to win with ...Qe6!} 31. exf6 Qxf6 32. Kh2 Qh4 33. Qg2 Qxh6 34. Qg5 $2 ({White should play} 34. Qd5 $18 Be7 35. Qe5) 34... Qxg5 $11 35. fxg5 d3 (35... b4 $1 $11) 36. Bc3 b4 $1 37. Bf6 Rbc8 (37... Be3 $142) 38. Kg2 $16 Rc7 39. Bb5 Be3 40. Rc6 ({Much weaker is} 40. b3 $6 c3 41. Kf3 (41. Bxd3 c2 $15) 41... Bxg5 42. Bxg5 Rc5 43. Bxd3 Rxg5 $11) (40. Kf3 $16 Bd2 41. Rfa1 (41. b3 cxb3 42. Bxd3 Bc3 $14)) 40... Rxc6 $11 41. Bxc6 {[%emt 0:30:06] Kf3 is the strong threat.} c3 $1 42. bxc3 bxc3 43. Bxc3 {[%emt 0:00:00] And now Bf6 would win.} Rc8 {[%emt 0:00:21] [#]} 44. Ra1 $1 {[%emt 0:00:00][%cal Oh3h4] Black must now prevent h4!} Bxg5 45. Kf3 d2 {[%emt 0:00:45] [#]} 46. Ke2 $1 Kf8 (46... f6 47. Ra8) 47. Ra8 Rxa8 48. Bxa8 Ke7 49. Bd5 Bf4 50. Bc4 Bg5 51. Bb3 h5 52. Be5 Bh6 53. h4 g5 54. Kxd2 (54. Bg3 {with more complications.} Kf6 55. Kd1 gxh4 56. Bxh4+ Bg5 57. Bxg5+ Kxg5 58. Bxf7 h4 59. Kxd2 h3 60. Bd5) 54... gxh4+ 55. Ke2 Bg5 56. Kf3 Bf6 57. Bf4 Kf8 58. Ke4 Kg7 59. Kf5 Bc3 60. Bd1 Bb2 61. Bxh5 Ba1 62. Bg4 Bb2 63. Bg5 Ba1 64. Bxh4 Bc3 65. Bh5 Bb2 66. Bg5 Bc3 67. Ke4 Bb2 68. Kd5 Bf6 69. Bf4 Bc3 70. Kd6 Ba1 71. Ke7 f5 72. Ke6 Bb2 73. Kxf5 Bc3 74. Ke6 Bb2 75. Bf7 Ba1 76. Ke7 Kh8 77. Bd5 Bb2 78. Kf7 Bc3 79. Be4 Bb2 80. Bg5 Bc3 81. Bd5 Ba1 82. Kf8 Bg7+ 83. Kf7 Bc3 84. Kg6 Bb2 85. Bf6+ Bxf6 86. Kxf6 1/2-1/2

[Event "Teplice Open 2022"]
[Site "Teplice"]
[Date "2022.06.20"]
[Round "3.2"]
[White "Raja Harshit"]
[Black "Narayanan.S.L"]
[Result "1/2-1/2"]
[ECO "C89"]
[WhiteElo "2479"]
[BlackElo "2662"]
[Annotator "TA"]
[PlyCount "67"]
[EventDate "2022.06.18"]
[EventType "swiss"]
[EventCountry "CZE"]
[SourceTitle "playchess.com"]
[Source "ChessBase"]
[SourceQuality "1"]
[TimeControl "40/5400+30:1800+30"]

1. e4 e5 2. Nf3 Nc6 3. Bb5 a6 4. Ba4 Nf6 5. O-O Be7 6. Re1 b5 7. Bb3 O-O 8. c3 d5 9. exd5 Nxd5 10. Nxe5 Nxe5 11. Rxe5 Bb7 12. d4 Bf6 {[%emt 0:00:07] C89: Closed Ruy Lopez: Marshall Attack.} 13. Re1 Re8 14. Nd2 Nf4 {[%emt 0:00:49] White has an edge.} 15. Nf3 Bxf3 16. gxf3 Bg5 {[%emt 0:03:40][%cal Bf6g5,Bg5f4,Bf4h2,Bh2d6][%mdl 32] [#] And now ...Rxe1+ would win.} 17. Rxe8+ Qxe8 18. Bxf4 Bxf4 19. Qe1 {[%emt 0:01:28] Inhibits Qe7.} Qd8 20. Qe4 Qg5+ {[%emt 0:00:21] [#]} 21. Kf1 $146 ({Predecessor:} 21. Kh1 Rf8 22. Rg1 Qh4 23. Rg2 Qf6 24. Rg4 Bc1 25. Bc2 g6 26. b3 h5 27. Rg3 {0-1 (52) Obrien,G (1658)-Sabbatini,G (1986) LSS email 2020}) 21... Rf8 22. Re1 Bxh2 23. Qg4 Qf6 ({But not} 23... Qd2 {[#]} 24. Bxf7+ $1 Kh8 25. Bd5 $14) 24. Kg2 Bd6 25. Rh1 g6 26. Qh4 Qxh4 27. Rxh4 $15 {[%emt 0:00:06][%cal Bh1h4,Bh4e4,Be4e1][%mdl 4128] Endgame KRB-KRB} Kg7 28. Re4 Rc8 29. a4 g5 30. Re1 Rb8 {[%emt 0:04:35] White must now prevent ...bxa4.} 31. a5 {[%emt 0:01:12] The position is equal.} h5 32. Bd5 c5 33. dxc5 Bxc5 34. Bc6 {[%emt 0:03:04] Weighted Error Value: White=0.07 (flawless) /Black=0.05 (flawless)} 1/2-1/2

[Event "Teplice Open 2022"]
[Site "Teplice"]
[Date "2022.06.20"]
[Round "3.3"]
[White "Berkes, Ferenc"]
[Black "Wachinger, Nikolas"]
[Result "1/2-1/2"]
[ECO "B44"]
[WhiteElo "2654"]
[BlackElo "2401"]
[Annotator "TA"]
[PlyCount "62"]
[EventDate "2022.06.18"]
[EventType "swiss"]
[EventCountry "CZE"]
[SourceTitle "playchess.com"]
[Source "ChessBase"]
[SourceQuality "1"]
[TimeControl "40/5400+30:1800+30"]

1. c4 e6 2. Nc3 c5 3. e4 Nc6 4. Nf3 Nf6 5. d4 cxd4 6. Nxd4 Bc5 {[%emt 0:00:15] B44: Sicilian: Taimanov: 5 Nb5.} 7. Nb3 Bb4 8. Bd3 d5 9. exd5 exd5 10. O-O dxc4 11. Bxc4 {[%emt 0:00:38] [#]} O-O $146 ({Predecessor:} 11... Qxd1 12. Rxd1 O-O 13. Nd5 Nxd5 14. Bxd5 Bg4 15. f3 Bf5 16. Bd2 Be7 17. Rac1 Bf6 {1-0 (57) Rocandio Sanchez,R-Gonzalez Rodriguez,J (1940) Las Palmas 2011}) 12. Qxd8 Rxd8 13. Bg5 Be6 14. Bxe6 fxe6 15. Rae1 Kf7 16. Re2 Bxc3 17. bxc3 Rd5 18. f4 b6 19. Rfe1 Re8 20. Bxf6 gxf6 21. Re4 Re7 22. Rc4 Na5 23. Nxa5 Rxa5 $11 {[%emt 0:00:10][%mdl 4096] Endgame KRR-KRR} 24. a4 Rd7 25. Re2 Rc5 26. Rxc5 {[%emt 0:01:23] The position is equal.} bxc5 {[%emt 0:00:06] KR-KR} 27. Kf2 Rd3 28. Re3 Rd2+ 29. Re2 Rd3 30. Re3 Rd2+ 31. Re2 Rd3 {[%emt 0:00:07] An even fight not without its subleties.  Weighted Error Value: White=0.06 (flawless) /Black=0.06 (flawless)} 1/2-1/2

[Event "Teplice Open 2022"]
[Site "Teplice"]
[Date "2022.06.20"]
[Round "3.4"]
[White "Das, Arghyadip"]
[Black "Demchenko, Anton"]
[Result "0-1"]
[ECO "C47"]
[WhiteElo "2472"]
[BlackElo "2654"]
[Annotator "TA"]
[PlyCount "62"]
[EventDate "2022.06.18"]
[EventType "swiss"]
[EventCountry "CZE"]
[SourceTitle "playchess.com"]
[Source "ChessBase"]
[SourceQuality "1"]
[TimeControl "40/5400+30:1800+30"]

1. e4 e5 2. Nf3 Nc6 3. Nc3 Nf6 4. d4 Bb4 5. Nxe5 Bxc3+ 6. bxc3 Qe7 $1 7. f3 {[%emt 0:01:26] Black must now prevent Nxc6. C47: Scotch Four Knights and Four Knights with 4 g3.} Nxe5 8. dxe5 Qxe5 9. Qd4 {[%emt 0:00:15] White has an edge.} d6 10. a4 a5 11. Bb5+ Bd7 12. Rb1 b6 {[%emt 0:00:31] [#]} 13. Kf2 $146 ({Predecessor:} 13. O-O O-O 14. Rd1 Rad8 15. Qxe5 dxe5 16. Ba3 Rfe8 17. c4 h6 18. h4 c6 19. Ba6 {1-0 (59) Paravyan,D (2617)-Sjugirov,S (2680) Chess.com INT 2022}) 13... Rd8 14. Qxe5+ dxe5 15. Ke3 Bxb5 16. Rxb5 Nd7 17. Ba3 h5 18. Rd5 Rh6 {[%emt 0:02:05] With the idea ...Rc6.} 19. c4 (19. Rg1 $11 {keeps the balance.}) 19... Rc6 $17 20. Kd3 (20. c5 $17 {is a better defense.}) 20... Rg6 $19 {[%emt 0:02:32] [#] Strongly threatening ...c6.} 21. Kc3 Rxg2 22. c5 c6 ({Don't go for} 22... bxc5 $2 23. Rhd1 $19) (22... Nxc5 $2 23. Rxe5+ Ne6 24. f4 $19) 23. Rd6 b5 ({Inferior is} 23... bxc5 24. Rxc6 Rf2 25. Bxc5 Rxf3+ 26. Kc4 $17) ({Not} 23... Nxc5 24. Bxc5 bxc5 25. Rxc6 $17) 24. axb5 cxb5 {[%emt 0:00:05] [#] And now ...b4+ would win.} 25. Rhd1 (25. Bc1 {only move.} Rc8 26. Rd2 Rxc5+ 27. Kb3 a4+ 28. Kb2 Rxd2 29. Bxd2) 25... b4+ {[%emt 0:00:20] Black is clearly winning.} 26. Kb2 bxa3+ 27. Kxa3 Rg6 28. c4 (28. Rxg6 $142 fxg6 29. Rd6) 28... Rxd6 29. cxd6 Rc8 30. Kb3 Nc5+ 31. Kc3 Kd7 {[%emt 0:00:07] Weighted Error Value: White=0.41/Black=0.01 (flawless)} 0-1

[Event "Teplice Open 2022"]
[Site "Teplice"]
[Date "2022.06.20"]
[Round "3.5"]
[White "Holm, Kristian Stuvik"]
[Black "Fridman, Daniel"]
[Result "0-1"]
[ECO "C42"]
[WhiteElo "2458"]
[BlackElo "2605"]
[Annotator "TA"]
[PlyCount "106"]
[EventDate "2022.06.18"]
[EventType "swiss"]
[EventCountry "CZE"]
[SourceTitle "playchess.com"]
[Source "ChessBase"]
[SourceQuality "1"]
[TimeControl "40/5400+30:1800+30"]

1. e4 e5 2. Nf3 Nf6 3. Nxe5 d6 4. Nf3 Nxe4 5. d4 d5 6. Bd3 Bf5 7. O-O Be7 8. Re1 O-O 9. Nbd2 {[%emt 0:00:28][%cal Rd2e4,Bb1d2,Bd2f1,Bf1e3,Be3g4,Bg4e5][%mdl 32] is recently more successful than 9.c4. C42: Petroff Defence: 3 Nxe5 and unusual White 3rd moves.} Nd6 $1 10. Nf1 Bxd3 11. Qxd3 {[%emt 0:00:20] The position is equal.} c6 12. Bf4 Na6 13. Re2 Nc7 14. Ne3 Ne6 15. Bxd6 Bxd6 16. g3 {[%emt 0:00:16] [#] Inhibits Nf4.} Re8 $5 $146 {[%emt 0:11:59][%mdl 8] New and interesting.} ({Predecessor:} 16... Qd7 17. Rae1 Rae8 18. b3 Nc7 19. c4 Bb4 20. Ra1 f6 21. a3 Be7 {½-½ (31) Anand,V (2767)-Yu,Y (2738) Stavanger 2019}) 17. Rae1 Bf8 18. h4 Qf6 19. Ng4 Qg6 20. Qxg6 hxg6 21. Nge5 Nc7 22. c3 Re7 23. Kf1 Ne8 24. Nd3 {[%emt 0:08:40] Pair of Knights!} Rxe2 25. Rxe2 f6 26. Nd2 Kf7 27. Kg2 Nc7 28. Kf3 Bd6 29. Nf1 a5 30. a4 b5 31. axb5 cxb5 32. Rc2 b4 33. Ne3 b3 34. Rc1 a4 35. Ra1 Ke6 36. c4 dxc4 37. Nxc4 Nb5 38. d5+ Ke7 39. Re1+ Kd8 40. Nxd6 Nxd6 $11 {[%emt 0:00:08][%mdl 4096] Endgame KRN-KRN} 41. Ke3 (41. Ra1 $1 $11) 41... Rc8 $1 $17 {[%emt 0:03:21] Black is more active.} 42. Nb4 {[%emt 0:07:44] Loses the game.} (42. Ra1 $17) 42... Rc4 43. Nc6+ (43. Nd3 $142) 43... Kc7 $19 {[%emt 0:00:52] Threatens to win with ...Re4+.} 44. Nd4 {[%emt 0:04:16] [#]} Kb6 $1 45. Rd1 $2 (45. Kd3 Kc5 46. Ne2) 45... Kc5 (45... Rc5 $142 46. Ke2 (46. Ne6 $2 Rc2 $19) 46... Rxd5) 46. Ne6+ Kb4 47. Nd4 {[%emt 0:03:05] [#] Inhibits Rc2.} (47. Nf4) 47... Rc5 $1 {[%emt 0:12:52] Black is clearly winning.} 48. Nc6+ Kb5 {[%emt 0:00:07] And now ...Nc4+ would win.} 49. Nd4+ Kb6 50. Ne6 Rc2 {[%emt 0:00:36] White must now prevent ...Nc4+.} 51. Ra1 Nc4+ 52. Kd4 a3 53. d6 {[%emt 0:02:36] d7 is the strong threat.} axb2 {[%emt 0:00:31] Weighted Error Value: White=0.39/Black=0.08 (flawless)} 0-1

[Event "Teplice Open 2022"]
[Site "Teplice"]
[Date "2022.06.20"]
[Round "3.6"]
[White "Vlasak, Lukas"]
[Black "Romanov, Evgeny"]
[Result "1-0"]
[ECO "A45"]
[WhiteElo "2437"]
[BlackElo "2573"]
[Annotator "TA"]
[PlyCount "119"]
[EventDate "2022.06.18"]
[EventType "swiss"]
[EventCountry "CZE"]
[SourceTitle "playchess.com"]
[Source "ChessBase"]
[SourceQuality "1"]
[TimeControl "40/5400+30:1800+30"]

1. d4 Nf6 2. Bf4 d6 3. Nc3 Nbd7 4. Nf3 c5 5. d5 Qb6 {[%emt 0:00:13] [#]} 6. a4 $146 {[%emt 0:22:21] A45: Trompowsky Attack.} ({Predecessor:} 6. Bd2 g6 7. e4 Bg7 8. a4 O-O 9. a5 Qd8 10. Be2 a6 11. h4 h5 12. Qc1 {1-0 (22) Hadzi Manev,L (2003)-Kostadinovski,Z (1893) Struga 2021}) 6... g6 (6... Qxb2 $11 {keeps the balance.} 7. Bd2 Qb6) 7. a5 ({White should play} 7. Qc1 $16) 7... Qd8 (7... Qxb2 8. Bd2 $16) (7... Qb4 $1 $11 8. Bd2 Bg7) 8. e4 $16 {[%emt 0:01:18] White is better.} Bg7 9. Be2 O-O 10. O-O Rb8 11. Re1 Ne8 12. Qd2 Nc7 13. Bh6 f6 14. Bxg7 {[%emt 0:02:55] White is much more active. The black rooks are badly placed.} Kxg7 15. Reb1 Ne5 16. Nxe5 dxe5 17. Na4 Qd6 18. Qc3 b6 19. b4 cxb4 20. Qxb4 b5 21. c4 Qxb4 22. Rxb4 Na6 (22... Bg4 $1 $11 23. Bxg4 bxa4 24. Raxa4 (24. Rbxa4 Na6 $14) 24... Na6) 23. Rxb5 Bd7 24. Rxb8 Rxb8 25. c5 Bb5 26. Kf1 Bxe2+ 27. Kxe2 {[%emt 0:00:06][%mdl 4096] Endgame KRN-KRN} Rb5 28. c6 {[%emt 0:05:27] Threatens to win with Nc3.} Rxa5 29. Ra2 Kf7 30. Nc3 Rxa2+ 31. Nxa2 {[%emt 0:00:04] KN-KN} Ke8 32. f3 $1 Nc5 33. Kd2 f5 34. exf5 (34. Nc3 $16) 34... gxf5 $14 35. Kc3 {[%emt 0:00:12] aiming for Kc4.} Kd8 36. Kc4 Na4 37. Kb5 (37. Kb4 $5 Nb2 38. Kb5 $14) 37... Nb6 38. Nc3 Kc7 (38... Nc8 $1 $11) 39. Kc5 $16 {[%emt 0:01:30] White now steadily converts the win.} h5 {[%emt 0:01:33] Inhibits g4.} (39... Nc8 $16 {might work better.}) 40. Nb5+ $18 Kb8 41. d6 $1 exd6+ 42. Nxd6 Kc7 $2 (42... f4 $16 43. Nf7 Kc7 44. Nxe5 Na4+ 45. Kd4 Nb6) 43. Nxf5 Na4+ (43... e4 $142 44. fxe4 Na4+ 45. Kb4 Nb2) 44. Kd5 {[%emt 0:01:45] Hoping for g4.} Nb6+ 45. Kxe5 {[%emt 0:00:47] And now g4 would win.} Kxc6 46. g4 hxg4 47. fxg4 {[%emt 0:00:04] Strongly threatening g5.} a5 48. g5 {[%emt 0:07:42] Ke6 would kill now.} a4 49. g6 {[%emt 0:09:26] White mates.} Nd7+ 50. Kd4 a3 51. Kc3 Kd5 52. g7 Nf6 53. Ne7+ Ke6 54. g8=Q+ Nxg8 55. Nxg8 {[%emt 0:00:10] KN-KP} Kf5 {[%emt 0:00:27] [#]} 56. Nh6+ $1 ({Inferior is} 56. Kb3 a2 57. Kxa2 Kg4 $11) 56... Kf4 57. Nf7 Kg4 {[%emt 0:00:37] [#]} 58. Ne5+ $1 ({Weaker is} 58. Kb3 Kh3 $11) 58... Kh3 59. Nf3 Kg4 {[%emt 0:00:05] [#]} 60. h4 $1 {[%emt 0:00:19] Weighted Error Value: White=0.05 (flawless) /Black=0.34} 1-0

[Event "Teplice Open 2022"]
[Site "Teplice"]
[Date "2022.06.20"]
[Round "3.7"]
[White "Sanal, Vahap"]
[Black "Rubes, Jan"]
[Result "1/2-1/2"]
[ECO "B47"]
[WhiteElo "2575"]
[BlackElo "2386"]
[Annotator "TA"]
[PlyCount "68"]
[EventDate "2022.06.18"]
[EventType "swiss"]
[EventCountry "CZE"]
[SourceTitle "playchess.com"]
[Source "ChessBase"]
[SourceQuality "1"]
[TimeControl "40/5400+30:1800+30"]

1. e4 c5 2. Nc3 e6 3. Nf3 Nc6 4. d4 cxd4 5. Nxd4 Qc7 6. g3 a6 7. Bg2 d6 8. O-O Bd7 9. Re1 Be7 10. Nxc6 Bxc6 11. Qg4 h5 12. Qe2 ({Don't blunder} 12. Qxg7 $2 Bf6 13. Nd5 Bxd5 14. Qxh8 Bxh8 $19) 12... Nf6 {[%emt 0:12:30] B47: Sicilian: Taimanov: 5 Nc3 Qc7 6 f4, 6 g3 and 6 Be2.} 13. a4 h4 14. a5 hxg3 {[%emt 0:02:06] Black has an edge.} 15. hxg3 Rh5 16. b4 Rc8 {[%emt 0:06:36] [#]} 17. Bd2 $146 ({Predecessor:} 17. Rd1 Kf8 18. Ra3 Bd7 19. Bf3 Rh8 20. Bg5 Be8 21. Qe3 Ng8 22. Qd2 Bxg5 23. Qxg5 {½-½ (50) Laurenc,P (2350)-Lazar,A (2309) ICCF email 2009}) 17... g6 (17... Bd7 $11) 18. Bf3 $16 Re5 19. Bf4 Nd7 20. Bxe5 (20. Qe3 $16) 20... Nxe5 $14 21. Bg2 Bd7 22. Ra3 {[%emt 0:03:43] The position is equal.} Bf6 23. Rd1 g5 24. Rb3 g4 25. Qe3 {[%emt 0:04:18] Against Nf3+} Ke7 26. Ne2 Qxc2 27. Rc1 Qa2 {[%emt 0:03:37] Strongly threatening ...Rxc1+.} 28. Rxc8 Bxc8 29. Nc3 $36 {[%emt 0:08:12][%mdl 2048] White has good play.} Qc2 {[%emt 0:03:14] [#] Threatens to win with ...Nc4.} (29... Qxb3 $2 {[#]} 30. Nd5+ $1 exd5 31. Qxb3 $18) (29... Nf3+ $2 30. Bxf3 Qa1+ 31. Bd1 $18) 30. Rb1 Bd7 {[%emt 0:09:31] Hoping for ...Nc4.} (30... Nc4 $5 31. Qc1 Qd3 $11) 31. Rc1 Qb2 32. Rb1 Qc2 {[%emt 0:00:12] ...Nc4 is the strong threat.} 33. Rc1 Qb2 34. Rb1 Qc2 {[%emt 0:00:07] Weighted Error Value: White=0.08 (flawless) /Black=0.10 (very precise)} 1/2-1/2

[Event "Teplice Open 2022"]
[Site "Teplice"]
[Date "2022.06.20"]
[Round "3.8"]
[White "Moksh Amit Doshi"]
[Black "Postny, Evgeny"]
[Result "1/2-1/2"]
[ECO "D13"]
[WhiteElo "2398"]
[BlackElo "2563"]
[Annotator "TA"]
[PlyCount "61"]
[EventDate "2022.06.18"]
[EventType "swiss"]
[EventCountry "CZE"]
[SourceTitle "playchess.com"]
[Source "ChessBase"]
[SourceQuality "1"]
[TimeControl "40/5400+30:1800+30"]

1. d4 d5 2. c4 c6 3. Nf3 Nf6 4. cxd5 cxd5 5. Nc3 Nc6 6. Bf4 a6 7. Rc1 $1 {[%emt 0:00:09][%mdl 4] is currently scoring better than 7.e3.} Ne4 8. e3 {[%emt 0:05:24] D13: Slav Defence: Exchange variation without ...Bf5.} Nxc3 9. bxc3 e6 10. Bd3 {[%emt 0:01:56] White has an edge.} Bd6 11. Bxd6 Qxd6 12. O-O O-O 13. c4 dxc4 14. Rxc4 {[%emt 0:00:14] [#]} Bd7 $146 ({Predecessor:} 14... h6 15. Be4 Bd7 16. Qb1 Rac8 17. Rc5 b5 18. Rfc1 Ne7 19. Ne5 Rxc5 20. Rxc5 f6 21. Nxd7 Qxd7 22. Qc2 Rc8 23. g3 Kf7 24. Qc3 Rxc5 25. Qxc5 Nd5 {½-½ (25) Bogner,S (2541)-Grimberg,B (2333) Deizisau 2011}) 15. Qb1 {[%emt 0:02:52][%csl LRb7,LRh7] [#] Black must now prevent d5.} h6 16. Rfc1 ({Don't go for} 16. Qxb7 $2 Rfb8 17. Qxa8 Rxa8 $19) 16... b5 17. Rc5 Rac8 18. Bh7+ Kh8 19. Be4 Ne7 20. Ne5 Rxc5 21. Rxc5 f6 22. Nd3 {[%emt 0:05:22] 0x0.00207b1c9ac8dp-1022s more active pieces.} Bc6 {[%emt 0:07:16] [#]} 23. Bxc6 Nxc6 24. a4 (24. Nf4 $16 Ne7 25. Qb3) 24... bxa4 $11 25. Qc2 Ne7 26. Qxa4 e5 27. Rc1 exd4 28. Qxd4 Qxd4 29. exd4 Rd8 30. Nc5 Rxd4 31. Nxa6 {[%emt 0:00:05] Weighted Error Value: White=0.16 (very precise) /Black=0.09 (flawless)} 1/2-1/2

[Event "Teplice Open 2022"]
[Site "Teplice"]
[Date "2022.06.20"]
[Round "3.9"]
[White "Laurusas, Tomas"]
[Black "Mis, Mieszko"]
[Result "1/2-1/2"]
[ECO "D24"]
[WhiteElo "2567"]
[BlackElo "2388"]
[Annotator "TA"]
[PlyCount "144"]
[EventDate "2022.06.18"]
[EventType "swiss"]
[EventCountry "CZE"]
[SourceTitle "playchess.com"]
[Source "ChessBase"]
[SourceQuality "1"]
[TimeControl "40/5400+30:1800+30"]

1. d4 Nf6 2. c4 e6 3. Nf3 d5 4. Bg5 dxc4 5. Nc3 a6 6. e3 {[%emt 0:04:09] D24: Queen's Gambit Accepted: 3 Nf3 Nf6 4 Nc3.} b5 7. a4 c6 8. Be2 Bb7 9. O-O Nbd7 10. Qc2 Be7 11. e4 h6 12. Bh4 O-O 13. Rad1 (13. Rfd1 $142) 13... Nh5 14. Bxe7 Qxe7 15. Rfe1 {[%emt 0:00:18] [#]} Rfd8 $146 ({Predecessor:} 15... Rad8 16. d5 e5 17. g3 Ndf6 18. axb5 axb5 19. Bf1 Rfe8 20. Bg2 Qc5 21. Nh4 g6 {½-½ (42) Ditmas,H (1872)-Ploog,M (2155) Hamburg 2015}) 16. d5 Nf4 17. d6 Qf6 18. e5 (18. g3 $17 Nxe2+ 19. Qxe2) 18... Qg6 $1 $19 (18... Nxe5 19. Nxe5 Qxe5 20. Bxc4) 19. Qxg6 Nxg6 20. Bf1 Rab8 21. h4 c5 22. Ne4 Ngxe5 ({And not} 22... Ndxe5 23. Nxe5 Nxe5 24. Nxc5) 23. Nxe5 Nxe5 24. Nxc5 Nd7 25. Nxd7 (25. Nxb7 $142 Rxb7 26. g3) 25... Rxd7 26. axb5 axb5 27. b3 Bd5 (27... cxb3 $19 {And now ...Bd5 would win.} 28. g3 Rbd8) 28. bxc4 $17 bxc4 29. Rd4 Rc8 30. Rc1 Rxd6 (30... c3 {looks sharper.} 31. Rd3 c2 32. Rd2 Rxd6 33. Rdxc2 Rxc2 34. Rxc2 g5) 31. Rcxc4 Bxc4 32. Rxd6 {[%emt 0:00:05][%mdl 4096] Endgame KRB-KRB} Bd5 {[%emt 0:00:11] Threatens to win with ...Rc1.} 33. Kh2 g6 34. Rb6 Kg7 35. Rb2 Ra8 36. g3 Kf6 37. Bg2 Ra2 38. Rxa2 Bxa2 {[%emt 0:00:02] KB-KB} 39. f4 Kf5 $1 40. Bc6 Bd5 41. Be8 f6 {[%emt 0:31:07] Strongly threatening ...e5.} 42. Bf7 g5 43. fxg5 fxg5 ({Of course not} 43... hxg5 $6 44. h5 Kg4 45. Bg6 $11 (45. h6 Be4 $11)) 44. hxg5 hxg5 45. Kg1 $2 (45. Kh3 $17) 45... Ke4 $1 46. Kf2 Kd3 $1 47. Bg8 Kd4 48. Ke2 e5 49. Bh7 Be4 50. Bg8 {[%emt 0:00:00] [#]} Bf5 $1 51. Ba2 Bg4+ 52. Kf2 Kd3 53. Bb1+ {[%emt 0:00:07] [#]} Kd2 $1 54. Be4 Be2 55. Bb7 Bg4 56. Be4 Bd1 57. Bb7 Kd3 $2 (57... g4 {mates} 58. Be4 Be2 59. Bd5 Bd3 60. Be6 e4 61. Bxg4 e3+ 62. Kg1 Bc2 63. Kh2 Bd1 64. Kh3 Bxg4+ 65. Kxg4 e2 66. Kf5 Kc3 67. Kg6 e1=Q 68. Kg5 Qxg3+ 69. Kf6 Kd4 70. Ke6 Qg6+ 71. Kd7 Kd5 72. Kc7 Qc6+ 73. Kb8 Qd7 74. Ka8 Kc6 75. Kb8 Qb7#) 58. Ba6+ Kd4 59. Ke1 Bf3 {[%emt 0:00:59] Hoping for ...Ke3.} 60. Kd2 Bd5 61. Bd3 Be4 62. Ba6 Bb1 63. Ke2 e4 {[%emt 0:00:31] ( -> ...Bd3+)} 64. Kd2 Bd3 65. Bb7 Bc4 66. Bc6 Bd5 67. Bb5 e3+ 68. Ke2 g4 69. Bd7 Bf3+ 70. Ke1 e2 ({Black should play} 70... Kd5 $17) 71. Bb5 $11 Ke3 72. Bxe2 Bxe2 {[%emt 0:00:04] Weighted Error Value: White=0.19 (very precise) /Black=0.25 (precise)} 1/2-1/2

[Event "Teplice Open 2022"]
[Site "Teplice"]
[Date "2022.06.20"]
[Round "3.10"]
[White "Kochavi, Ori"]
[Black "Stocek, Jiri"]
[Result "1/2-1/2"]
[ECO "B90"]
[WhiteElo "2365"]
[BlackElo "2533"]
[Annotator "TA"]
[PlyCount "111"]
[EventDate "2022.06.18"]
[EventType "swiss"]
[EventCountry "CZE"]
[SourceTitle "playchess.com"]
[Source "ChessBase"]
[SourceQuality "1"]
[TimeControl "40/5400+30:1800+30"]

1. e4 c5 2. Nf3 d6 3. d4 cxd4 4. Nxd4 Nf6 5. Nc3 a6 6. h3 g6 7. g4 Bg7 8. Be3 {[%emt 0:00:09] B90: Sicilian Najdorf: Unusual White 6th moves, 6 Be3 Ng4 and 6 Be3 e5.} O-O 9. Bg2 Nc6 10. Nb3 {[%emt 0:15:55] [#] White has an edge.} Be6 $146 ({Predecessor:} 10... h5 11. g5 Nd7 12. f4 Nb6 13. Qe2 Qc7 14. O-O Be6 15. f5 Bc4 16. Qf2 Nd7 {1-0 (44) Gonzalez Ochoa,Y (2150)-Fernandez Bustamante,L (2119) Holguin 2019}) 11. Nd5 b5 12. a4 Rb8 13. axb5 axb5 14. f4 Nd7 15. c3 b4 16. O-O $1 bxc3 17. bxc3 Nb6 18. Nd2 {[%emt 0:11:34] [#] And now Ra6 would win.} ({Much worse is} 18. Nxb6 Rxb6 19. Nd4 Bc4 $11) 18... Nc8 19. Nc4 Bd7 (19... Bxc3 $1 $11 {remains equal.} 20. Rb1 Rxb1 21. Qxb1 Bg7) 20. Rb1 ({White should try} 20. g5 $16) 20... Rxb1 $11 21. Qxb1 e6 22. Ndb6 Nxb6 23. Qxb6 Bxc3 24. Rd1 Qa8 25. Nxd6 ({Avoid the trap} 25. Rxd6 $2 Rb8 26. Qc7 Rb7 27. Rxd7 Rxc7 28. Rxc7 Bd4 $19) 25... Qa4 {[%emt 0:01:51] Against Qb3} 26. Bf3 e5 27. Nb5 Ba5 28. Qc5 Bb4 $36 {[%emt 0:02:26][%mdl 2048] Black is more active.} 29. Qd5 Rd8 {[%emt 0:01:49] Strongly threatening ...Be8.} 30. Qc4 $1 exf4 31. Bxf4 {[%emt 0:01:46] [#]} Be6 $1 32. Rxd8+ Nxd8 33. Qc7 (33. Qd3 $5 Nc6 34. Kg2 $15) 33... Ba5 34. Qb8 (34. Qc5 $1 $11) 34... Qa1+ 35. Kh2 Qf1 (35... Qb2+ $15 36. Bg2 Bc4) 36. Bg2 {[%emt 0:00:34] The position is equal.} Qf2 {[%emt 0:01:19] ...Bb6 is the strong threat.} 37. Bc7 {[%emt 0:02:06] Against Bb6} Bxc7+ 38. Qxc7 Qf6 39. Qd6 Nb7 40. Qb8+ Nd8 41. Qd6 h6 42. Nd4 Kg7 43. e5 Qg5 44. Kg3 {[%emt 0:00:30] Black must now prevent Nf3.} Qe3+ 45. Kh2 {[%emt 0:00:16] Active counter play!} Qf4+ 46. Kh1 Qc1+ 47. Kh2 Qf4+ 48. Kh1 Qc1+ 49. Kh2 Qc8 50. Bf3 Kg8 51. Kg3 Kg7 52. h4 Kg8 53. h5 gxh5 $1 54. gxh5 Qd7 55. Kf4 Qe8 56. Be4 {[%emt 0:01:28] Weighted Error Value: White=0.10 (very precise) /Black=0.07 (flawless)} 1/2-1/2